Cogmind - Beta 16 @@@ ROGUE MODE // 2026.01.20 @ 18:25:45 Player: +Jones Result: Self-destructed Performance ------------- Evolutions (2) 1000 Regions Visited (5) 1000 Robots Destroyed (28) 140 Value Destroyed (460) 460 Prototype IDs (23) 460 Alien Tech Used (0) 0 Bonus (300) 300 TOTAL SCORE: 3360 Bonus ------- Aligned with FarCom 300 Cogmind --------- Core Integrity 550/550 Matter 239/300 Energy 250/250 System Corruption 0% Temperature Cool (0) Movement Treading (160) Location -8/Materials Parts ------- > --- POWER (5) -------- Ion Engine > --- PROPULSION (2) --- Light Treads (fused) Light Treads > --- UTILITY (2) ------ Large Storage Unit Backup Plating I > --- WEAPON (2) ------- Light Assault Rifle Grenade Launcher > --- INVENTORY (15) --- Wheel High-capacity Storage Unit Large Matter Pod (12) High-capacity Matter Pod (200) Heavy EM Pulse Gun Heavy EM Pulse Gun Heavy EM Pulse Gun Particle Gun Latent Energy Streamer Light Assault Rifle Grenade Launcher Mining Laser Hammer Peak State ------------ > --- POWER ------------ Ion Engine > --- PROPULSION ------- Light Treads Light Treads > --- UTILITY ---------- Large Storage Unit Backup Plating I > --- WEAPON ----------- Particle Gun Assault Rifle > --- INVENTORY -------- Wheel High-capacity Matter Pod Heavy EM Pulse Gun Heavy EM Pulse Gun Heavy EM Pulse Gun Grenade Launcher Grenade Launcher Mining Laser Hammer [Rating: 9] Favorites ----------- Power Ion Engine Engine Ion Engine Propulsion Light Treads Treads Light Treads Utility Large Storage Unit Device Seismic Detector Storage Large Storage Unit Protection Backup Plating I Weapon Assault Rifle Energy Gun Particle Gun Ballistic Gun Assault Rifle Launcher Grenade Launcher Special Weapon Mining Laser Build | -11 -10 -10 -10 -9 -8 ------- Run | Yrd Mat Min Exi Min Mat Slots Evolved 4 | . . . . . 4 Power 4 | . . . . . 4 Propulsion . | . . . . . . Utility . | . . . . . . Weapon . | . . . . . . Parts Attached 15 | 7 5 3 . . . Power 3 | 1 2 . . . . Engine 3 | 1 2 . . . . Core . | . . . . . . Reactor . | . . . . . . Propulsion 2 | 2 . . . . . Treads 2 | 2 . . . . . Leg . | . . . . . . Wheel . | . . . . . . Hover . | . . . . . . Flight . | . . . . . . Utility 3 | 2 1 . . . . Device 1 | 1 . . . . . Storage 2 | 1 1 . . . . Processor . | . . . . . . Hackware . | . . . . . . Protection . | . . . . . . Artifact . | . . . . . . Weapon 7 | 2 2 3 . . . Energy Gun 1 | . . 1 . . . Energy Cannon . | . . . . . . Ballistic Gun 4 | 2 . 2 . . . Ballistic Cannon . | . . . . . . Launcher 1 | . 1 . . . . Special Weapon 1 | . 1 . . . . Impact Weapon . | . . . . . . Slashing Weapon . | . . . . . . Piercing Weapon . | . . . . . . Special Melee Weapon . | . . . . . . Unidentified Prototypes . | . . . . . . Parts Lost 2 | . 1 1 . . . Power . | . . . . . . Propulsion . | . . . . . . Utility 1 | . 1 . . . . Weapon 1 | . . 1 . . . Highest Loss Streak 1 | . 1 1 . . . To Critical Strikes . | . . . . . . Average Backups 7 | 2 6 10 12 13 . Power . | . . . . . . Propulsion . | . . 1 1 1 . Utility 1 | . . 1 1 3 . Weapon 5 | 1 4 7 10 9 . Tool/Special . | . . . . . . Unused Backups 12 | . 2 . . . 10 Power . | . . . . . . Propulsion 1 | . . . . . 1 Utility 3 | . . . . . 3 Weapon 8 | . 2 . . . 6 Tool/Special . | . . . . . . Average Slot Usage (%) 92 | . 97 88 75 94 . Engine 14 | . 14 14 14 14 . Treads 27 | . 28 17 28 28 . Device 8 | . 11 . . . . Storage 14 | . 14 14 14 14 . Protection 3 | . . 14 14 14 . Ballistic Gun 19 | . 24 22 4 11 . Special Weapon 2 | . 3 . . . . Peak Build Rating 9 | 7 8 9 8 9 . Average Rating 6 | 4 7 7 6 8 . On Entrance 6 | . 7 8 7 7 9 Avg Prop Armor Cover (%) . | . . . . . . Naked Turns . | . . . . . . Heaviest Build 31 | 15 30 31 28 30 . Greatest Support 40 | 40 40 20 40 40 . Greatest Overweight (x) 1 | 1 . 1 . . . Average Overweight (x) . | . . 1 . . . Largest Inventory Capacity 15 | 8 15 15 15 15 . Average Capacity 13 | 7 13 15 15 15 . Most Carried 15 | 5 11 12 15 15 . Average Carried 7 | 2 6 10 12 13 . Final Capacity 15 | 8 15 15 15 15 15 Final Carried 15 | 2 10 11 15 13 13 Class Distribution -------------------- 100% | Mutant Dominant Class ---------------- Mutant | -10/Materials Mutant | -10/Mines Mutant | -10/Exiles Mutant | -9/Mines Mutant | -8/Materials Resources | -11 -10 -10 -10 -9 -8 ----------- Run | Yrd Mat Min Exi Min Mat Matter Collected 1123 | 318 650 17 138 . . Remotely . | . . . . . . Salvage Created 667 | 128 489 37 . 13 . Parts 48 | 8 31 5 . 4 . Haulers Intercepted 2 | . 2 . . . . Recyclers Shooed . | . . . . . . Parts Field Recycled . | . . . . . . Retrieved Matter . | . . . . . . Parts Self-Destructed . | . . . . . . Prevented . | . . . . . . Parts Restored . | . . . . . . Kills | -11 -10 -10 -10 -9 -8 ------- Run | Yrd Mat Min Exi Min Mat Combat Hostiles Destroyed 16 | . 10 3 . 3 . Melee 1 | . 1 . . . . Guns 10 | . 7 3 . . . AOE 5 | . 2 . . 3 . Classes Destroyed 8 | 3 5 . . . . Worker 4 | 1 2 . . 1 . Tunneler 2 | 2 . . . . . Hauler 2 | . 2 . . . . Recycler 2 | 1 1 . . . . Operator 1 | . 1 . . . . Watcher 1 | . 1 . . . . Swarmer 9 | . 3 3 . 3 . Grunt 7 | . 7 . . . . Best Kill Streak 4 | 2 4 3 . 4 . Combat Bots Only 3 | . 3 3 . 3 . Max Kills in Single Turn 1 | 1 1 1 . 1 . Gunslinging . | . . . . . . Exploded 1 | . 1 . . 1 . Melee 1 | . 1 . . . . Uniques/NPCs Destroyed . | . . . . . . Combat | -11 -10 -10 -10 -9 -8 -------- Run | Yrd Mat Min Exi Min Mat Hostile Shots Fired 89 | . 47 22 . 20 . Missed 24 | . 14 7 . 3 . Hits 65 | . 33 15 . 17 . Projectile 65 | . 33 15 . 17 . Critical Strikes 1 | . 1 . . . . Damage Taken 696 | . 440 119 . 137 . Core 119 | . 87 23 . 9 . Absorbed by Shields . | . . . . . . Core Remaining (%) 76 | 100 . . . 52 . Volleys Fired 95 | 9 73 8 . 5 . Largest 2 | 2 2 2 . 2 . Hottest 100 | 40 100 85 . 50 . Shots Fired 167 | 18 128 16 . 5 . Gun 145 | 18 110 16 . 1 . Cannon . | . . . . . . Launcher 6 | . 2 . . 4 . Special 16 | . 16 . . . . Kinetic 141 | 18 110 12 . 1 . Thermal 20 | . 16 4 . . . Explosive 6 | . 2 . . 4 . Electromagnetic . | . . . . . . Robot Hit Streak 15 | 3 15 2 . . . Robot Miss Streak 5 | 2 3 5 . . . Penetration Max . | . . . . . . Secondary Targets . | . . . . . . Shots Hit Robots 91 | 11 76 4 . . . Core Hits 38 | 5 27 3 . 3 . Critical Kills . | . . . . . . Critical Parts Destroyed 4 | 1 3 . . . . Critical Strikes 4 | 1 3 . . . . Destroy 4 | 1 3 . . . . Melee Attacks . | . . . . . . Impact . | . . . . . . Slashing . | . . . . . . Piercing . | . . . . . . Sneak Attacks . | . . . . . . Combat Hostiles . | . . . . . . Follow-up Attacks . | . . . . . . Damage Inflicted 1667 | 146 1120 87 . 314 . Guns 1163 | 146 930 87 . . . Cannons . | . . . . . . Explosions 478 | . 164 . . 314 . Melee . | . . . . . . Ramming 2 | . 2 . . . . Kinetic 1112 | 146 930 36 . . . Thermal 260 | . 24 51 . 185 . Explosive 293 | . 164 . . 129 . Electromagnetic . | . . . . . . Impact . | . . . . . . Slashing . | . . . . . . Piercing . | . . . . . . Highest Corruption 4 | . 4 4 4 4 . Average Corruption 3 | . 3 4 4 4 . Corruption Purged . | . . . . . . Corruption Blocked . | . . . . . . Effects 22 | . 9 1 10 2 . Message Errors 3 | . 2 . 1 . . Matter Fused 5 | . 2 . 3 . . Heat Flow Errors 2 | . . . 2 . . Energy Discharges 4 | . 1 . 2 1 . Parts Rejected 1 | . . 1 . . . Parts Fused 1 | . . . 1 . . Data Loss (minor) 4 | . 3 . 1 . . Data Loss (major) 1 | . 1 . . . . Weapon Failures 1 | . . . . 1 . Overload Shots . | . . . . . . Overflow Damage 31 | . . . . 31 . Projectiles . | . . . . . . Explosions 31 | . . . . 31 . Melee . | . . . . . . Knockbacks . | . . . . . . Impact . | . . . . . . Kinetic . | . . . . . . Secondary . | . . . . . . Self-Inflicted Damage . | . . . . . . Shots . | . . . . . . Rammed . | . . . . . . Targets Rammed 1 | . 1 . . . . Kicked . | . . . . . . Crushed 1 | . 1 . . . . Highest Temperature 200 | . 100 108 200 12 . Average Temperature 41 | . 28 56 90 9 . Received Heat Transfer 243 | . 243 . . . . Siege Activations . | . . . . . . Martial Activations . | . . . . . . Shielding Activations . | . . . . . . Robots Disrupted . | . . . . . . Combat Hostiles . | . . . . . . Robots Corrupted . | . . . . . . Combat Hostiles . | . . . . . . Parts Fried . | . . . . . . Impact Corruptions . | . . . . . . Robots Melted . | . . . . . . Combat Hostiles . | . . . . . . Parts Melted . | . . . . . . Heat Transferred 461 | . 50 111 . 300 . Parts Sabotaged . | . . . . . . Parts Stolen . | . . . . . . Parts Stripped . | . . . . . . Power Chain Reactions . | . . . . . . Alert | -11 -10 -10 -10 -9 -8 ------- Run | Yrd Mat Min Exi Min Mat Maximum Alert Level . | . . . . . . Low Security (%) 100 | 100 100 100 . 100 . Level 1 . | . . . . . . Level 2 . | . . . . . . Level 3 . | . . . . . . Level 4 . | . . . . . . Level 5 . | . . . . . . High Security . | . . . . . . Max Security . | . . . . . . Peak Influence 146 | 5 82 63 . 146 . Initial 52 | . 3 13 . . 52 Average 26 | 1 25 44 . 88 . Influence Increases 626 | 20 380 70 . 156 . Destroy 0b10 Robot/C 320 | . 200 60 . 60 . Destroy 0b10 Robot/NC 60 | 20 35 . . 5 . Destroy Leader 56 | . 46 10 . . . Successful Hack 31 | . 31 . . . . Disable Machine 60 | . 15 . . 45 . Destroy Structure 39 | . 23 . . 16 . Lose Combat Pursuer 60 | . 30 . . 30 . Influence Decreases 574 | 15 350 62 43 20 84 Entered New Map 151 | . 2 22 43 . 84 Time Decay 403 | 15 338 30 . 20 . Lost Part 20 | . 10 10 . . . Squads Dispatched 3 | . 3 . . . . Investigation 2 | . 2 . . . . Extermination . | . . . . . . Reinforcement 1 | . 1 . . . . Assault . | . . . . . . Garrison . | . . . . . . Intercept . | . . . . . . Searches Triggered . | . . . . . . Construction Impeded . | . . . . . . Haulers Reinforced . | . . . . . . Active Scanning Responses . | . . . . . . Cargo Convoy Interrupts . | . . . . . . Stealth | -11 -10 -10 -10 -9 -8 --------- Run | Yrd Mat Min Exi Min Mat Distress Signals 3 | . 3 . . . . Communications Jammed . | . . . . . . Distress Signals . | . . . . . . Times Spotted 30 | . 23 3 . 4 . Peak Tracking Total 5 | . 5 3 . 3 . Tactical Retreats 3 | . 2 . . 1 . Traps | -11 -10 -10 -10 -9 -8 ------- Run | Yrd Mat Min Exi Min Mat Traps Triggered 4 | . 4 . . . . Indirectly . | . . . . . . Trap Hack Attempts . | . . . . . . Triggered . | . . . . . . Disarmed . | . . . . . . Reprogrammed . | . . . . . . Reused . | . . . . . . Traps Extracted . | . . . . . . Installed . | . . . . . . Triggered . | . . . . . . Machines | -11 -10 -10 -10 -9 -8 ---------- Run | Yrd Mat Min Exi Min Mat Machines Disabled 4 | . 1 . . 3 . Max in Single Turn 2 | . 1 . . 2 . Machines Repaired . | . . . . . . Machines Dismantled . | . . . . . . Machines Sabotaged . | . . . . . . Overloaded Fab Kills . | . . . . . . Hacking | -11 -10 -10 -10 -9 -8 --------- Run | Yrd Mat Min Exi Min Mat Machines Accessed 12 | . 10 . 2 . . Terminals 7 | . 7 . . . . Fabricators . | . . . . . . Repair Stations 1 | . 1 . . . . Recycling Units 2 | . 2 . . . . Scanalyzers . | . . . . . . Garrison Access . | . . . . . . Total Hacks 30 | . 28 . 2 . . Successful 16 | . 14 . 2 . . Failed 14 | . 14 . . . . Catastrophic . | . . . . . . Database Lockouts . | . . . . . . Manual 20 | . 19 . 1 . . Terminals 20 | . 20 . . . . Fabricators . | . . . . . . Repair Stations 3 | . 3 . . . . Recycling Units 5 | . 5 . . . . Scanalyzers . | . . . . . . Garrison Access . | . . . . . . Terminal Hacks 6 | . 4 . 2 . . Record 1 | . . . 1 . . Robot Analysis 2 | . 2 . . . . Locate Traps 2 | . 2 . . . . Proto ID Catalog 1 | . . . 1 . . Fabricator Hacks . | . . . . . . Repair Station Hacks 2 | . 2 . . . . Scan Component 1 | . 1 . . . . Refit 1 | . 1 . . . . Recycling Unit Hacks . | . . . . . . Scanalyzer . | . . . . . . Garrison Access Hacks . | . . . . . . Unauthorized Hacks 8 | . 8 . . . . Terminals 7 | . 7 . . . . Botnet 2 | . 2 . . . . Skim 5 | . 5 . . . . Fabricators . | . . . . . . Repair Stations . | . . . . . . Recycling Units 1 | . 1 . . . . Reject 1 | . 1 . . . . Scanalyzers . | . . . . . . Garrison Access . | . . . . . . Data Cores Recovered . | . . . . . . Used . | . . . . . . Hacking Detections 10 | . 10 . . . . Full Trace Events 2 | . 2 . . . . Feedback Events . | . . . . . . Feedback Blocked . | . . . . . . Robot Schematics Acquired . | . . . . . . Robots Built . | . . . . . . Authchips . | . . . . . . Time . | . . . . . . Total Robot Build Rating . | . . . . . . Part Schematics Acquired . | . . . . . . Parts Built . | . . . . . . Authchips . | . . . . . . Time . | . . . . . . Total Part Build Rating . | . . . . . . Part Studies Acquired . | . . . . . . Parts Repaired . | . . . . . . Time . | . . . . . . Parts Recycled . | . . . . . . Recycled Matter . | . . . . . . Retrieved Matter . | . . . . . . Retrieved Components . | . . . . . . Parts Scanalyzed . | . . . . . . Part Schematics Acquired . | . . . . . . Parts Damaged . | . . . . . . Bothacking | -11 -10 -10 -10 -9 -8 ------------ Run | Yrd Mat Min Exi Min Mat Used RIF Installer . | . . . . . . Robots Hacked . | . . . . . . Non-combat . | . . . . . . Combat . | . . . . . . Robot Hacks Applied . | . . . . . . Relay Couplers Released . | . . . . . . Fabnet Peak Effective % . | . . . . . . Robots Rewired . | . . . . . . Allies Hacked . | . . . . . . Hacks Repelled . | . . . . . . Allies | -11 -10 -10 -10 -9 -8 -------- Run | Yrd Mat Min Exi Min Mat Total Allies . | . . . . . . Largest Group . | . . . . . . Highest-Rated Group . | . . . . . . Highest-Rated Ally . | . . . . . . Total Orders . | . . . . . . Ally Attacks . | . . . . . . Total Damage . | . . . . . . Kills . | . . . . . . Allies Corrupted . | . . . . . . Allies Melted . | . . . . . . Intel | -11 -10 -10 -10 -9 -8 ------- Run | Yrd Mat Min Exi Min Mat Active Infowar (turns) 1148 | 31 1117 . . . . Seismic 1148 | 31 1117 . . . . Robot Analysis Total 2 | . 2 . . . . Derelict Logs Recovered . | . . . . . . Drone Launches . | . . . . . . Drone Recoveries . | . . . . . . Exploration | -11 -10 -10 -10 -9 -8 ------------- Run | Yrd Mat Min Exi Min Mat Turns Passed 2043 | 116 1416 70 397 44 . Spaces Moved 1019 | 57 681 17 246 18 . Core 32 | 32 . . . . . Treads 987 | 25 681 17 246 18 . Legs . | . . . . . . Wheels . | . . . . . . Hover . | . . . . . . Flight . | . . . . . . Fastest Speed 50 | 50 160 240 160 160 . Average Speed 158 | 110 160 240 160 160 . Slowest Speed 240 | 160 160 240 160 160 . Overloaded Moves . | . . . . . . Propulsion Burnouts . | . . . . . . Robots Hopped . | . . . . . . Potential Cave-ins . | . . . . . . Cave-ins Triggered . | . . . . . . Exploration Rate (%) 30 | 4 97 4 60 14 1 Regions Visited 5 Branch Regions 3 Pre-discovered Areas 1 | . . . 1 . . Known Exits Taken 3 | . 1 1 . 1 . Unknown Exits Taken 2 | 1 . . 1 . . Scrap Searched . | . . . . . . Spaces Dug 7 | . 7 . . . . Terrain Destroyed 44 | . 25 . . 19 . Melee . | . . . . . . Projectile 8 | . 8 . . . . AOE 36 | . 17 . . 19 . Terrain Rammed . | . . . . . . Walls Destroyed . | . . . . . . Machines Disabled . | . . . . . . Actions | -11 -10 -10 -10 -9 -8 --------- Run | Yrd Mat Min Exi Min Mat Total 1244 | 91 843 31 251 28 . Wait 76 | 13 59 . . 4 . Move 1014 | 56 680 16 245 17 . Hop . | . . . . . . Pick Up 22 | 6 10 3 3 . . Fast Attach 4 | 3 1 . . . . Attach 9 | 4 . 2 1 2 . Detach 2 | . . . 2 . . Swap 14 | . 13 1 . . . Drop 7 | . 6 1 . . . Fire 95 | 9 73 8 . 5 . Melee . | . . . . . . Ram . | . . . . . . Kick . | . . . . . . Crush 1 | . 1 . . . . Escape Stasis . | . . . . . . Rewire . | . . . . . . Trap . | . . . . . . Miscellaneous . | . . . . . . Route ------- -11/Scrapyard -10/Materials (discovered 6 exits: *Mat x3 / *Min x2 / Sub) -10/Mines (discovered 4 exits: Mat x2 / *Exi / Sub) -10/Exiles -9/Mines -8/Materials History --------- Turn | Location | Event 25 | -11/Scrapyard | Discovered new exit (range 14) 117 | -11/Scrapyard | Entered Materials 255 | -10/Materials | Discovered new exit (range 5) 308 | -10/Materials | Build established: Mutant 669 | -10/Materials | Discovered new exit (range 15) 933 | -10/Materials | Discovered new exit (range 6) 1125 | -10/Materials | Discovered new exit (range 13) 1160 | -10/Materials | Loaded intel: 13 trap records 1213 | -10/Materials | Discovered new exit (range 8) 1228 | -10/Materials | Learned Materials trap positions 1284 | -10/Materials | Learned Storage terminal intel 1329 | -10/Materials | Identified exit to Subcaves 1364 | -10/Materials | Learned location of 2 exits from Mines 1422 | -10/Materials | Identified exit to Mines 1533 | -10/Materials | Entered Mines 1534 | -10/Mines | Identified exit to Materials 1535 | -10/Mines | Identified exit to Exiles 1593 | -10/Mines | Deemed a non-threat by the Exiles lab entrance 1603 | -10/Mines | Entered Exiles 1643 | -10/Exiles | Met 8R-AWN 1673 | -10/Exiles | Met EX-HEX 1719 | -10/Exiles | Met EX-BIN 1737 | -10/Exiles | Aligned with FarCom system 1738 | -10/Exiles | Given EX-Vault access code 1778 | -10/Exiles | Opened EX-Vault 1789 | -10/Exiles | Found Latent Energy Streamer 1821 | -10/Exiles | Warned to stay clear of 0b10 Research branches 1867 | -10/Exiles | Met EX-DEC 1877 | -10/Exiles | Learned location of Zion (-6) 1980 | -10/Exiles | Discovered new exit (range 14) 2000 | -10/Exiles | Left Exiles lab with Latent Energy Streamer 2000 | -10/Exiles | Entered Mines 2001 | -9/Mines | Identified exit to Materials 2006 | -9/Mines | Met a Derelict bent on vengeance 2044 | -9/Mines | Entered Materials 2044 | -8/Materials | Evolved 4 slots: Power x4 2044 | -8/Materials | Self-destructed Last Messages --------------- 02019_ Destroyed Lgt. Ion Engine. 02019_ S-10 Pest destroyed. 02021_ System corrupted: Energy discharge (-67). 02021_ System corrupted: Grenade Launcher failed to launch. 02023_ Destroyed Lgt. Ion Engine. 02023_ S-10 Pest destroyed. 02036_ U-05 Engineer lays Concrete. 02036_ U-05 Engineer builds a Wall. 02037_ U-05 Engineer lays Concrete. 02038_ U-05 Engineer builds a Wall. 02040_ K-01 Serf collects debris. 02041_ U-05 Engineer lays Concrete. 02043_ K-01 Serf collects debris. 02044_ U-05 Engineer builds a Wall. 02044_ U-05 Engineer lays Concrete. PARAMETERS=POWER+4 LOCATION=MATERIALS GOAL=ESCAPE 02044_ Receiving FarCom transmissions... Map ----- +----------------------------------------------------+ | ?????????????????????????????????????????????????? | | ?????????????????????????????????????????????????? | | ?????????????????????????????????????????????????? | | ?????????????????????????????????????????????????? | | ?????????????????????????????????????????????????? | | ?????????????????????????????????????????????????? | | ?????????????????????????????????????????????????? | | ?????????????????????????????????????????????????? | | ?????????????????????????????????????????????????? | | ?????????????????????????????????????????????????? | | ?????????????????????????????????????????????????? | | ????????????????????????#????????????????????????? | | ???????????????????????#T##??????????????????????? | | ??????????????????????? #?????????????????????? | | ??????????????????????? #?????????????????????? | | ??????????????????????? #?????????????????????? | | ???????????????????????# #?????????????????????? | | ???????????????????????# #?????????????????????? | | ???????????????????????# ?????????????????????? | | ???????????????????????# ?????????????????????? | | ???????????????????????# #?????????????????????? | | ???????????????????????# #?????????????????????? | | ???????????????????????# #?????????????????????? | | ???????????????????????+ #?????????????????????? | | ???????????????????????# #?????????????????????? | | ???????????????????????# @ #?????????????????????? | | ???????????????????????# #?????????????????????? | | ???????????????????????#####?????????????????????? | | ?????????????????????????????????????????????????? | | ?????????????????????????????????????????????????? | | ???????????????????????????????????????Y?????????? | | ?????????????????????????????????????????????????? | | ?????????????????????????????????????????????????? | | ?????????????????????????????????????????????????? | | ?????????????????????????????????????????????????? | | ?????????????????????????????????????????????????? | | ?????????????????????????????????????????????????? | | ?????????????????????????????????????????????????? | | ?????????????????????????????????????????????????? | | | | | | | | | | | | | | | | | | | | | | | +----------------------------------------------------+ Best States ------------- Heat Dissipation 25 Energy Generation 10 Energy Capacity 250 Matter Stores 300 Matter Capacity 300 Sight Range 16 Terrain Scan Density 10 Armor Coverage 80 Evasion (%) 50 Recoil Reduction 2 Item Schematics ----------------- None Robot Schematics ------------------ None Fabricated ------------ Nothing Repaired ---------- Nothing Studied --------- None Alien Tech Used ----------------- None Achievements -------------- None Challenges ------------ None Game ------ Seed NavigationAnalysisRail Manual? 0 Play Time 00:10:58 Cumulative 347.0 hours Start 2026.01.20 @ 18:14:50 End 2026.01.20 @ 18:25:45 Sessions 1 Manual Loads 0 Difficulty Rogue Special Mode None Game No. 280 Rogue 280 Adventurer 0 Explorer 0 Win Type - Total 2 Types 2/0/0/0/0/0/0/0/0/0 Lore% 62 Gallery% 70 Achievement% 48 Wizard Run 0 Options --------- Layout 1 ASCII 0 Keyboard 0 Movement Mouse Keybinds 0 Fullscreen 1 Font 32/SmallcapsGlow Map View 50x35 Zoom Use 0% Tactical HUD 1 Map Filters NONE Filters NONE Steam 1 RUN: 52a13228-b251-48f6-bf6e-fceb212f8b38